Map: Prion Terraces

Players

LiquidSnute (Snute)

  • Race: Zerg Zerg
  • League: Grandmaster

Kelazhur - Winner!

  • Race: Terran Terran
  • League: Master

Event: DreamHack ZOWIE Open Leipzig

VOD

Have the link to the VOD?

Description

Time

  • Played on: Jan. 22, 2016, 11:17 a.m.
  • Length: 8:49

All games in this series

Show
View Real Time Build Order
Export as new Build Order

LiquidSnute Zerg 

Build Orders: Pool First, Zergling Baneling 

Get SALT Encoding   

  12  0:00  Drone  
  13  0:12  Overlord  
  13  0:16  Drone  
  14  0:30  Drone x2  
  14  0:33  Drone  
  17  0:38  Extractor  
  16  0:44  Drone  
  16  0:49  Spawning Pool  
  16  0:55  Drone  
  17  1:16  Hatchery  
  16  1:19  Drone  
  17  1:35  Queen  
  17  1:38  Metabolic Boost  
  19  1:42  Zergling x2  
  19  1:46  Drone  
  21  1:52  Overlord  
  21  1:56  Drone  
  22  2:11  Queen  
  24  2:17  Zergling x4  
  25  2:28  Baneling Nest, Zergling x2  
  25  2:29  Zergling x2  
  26  2:40  Zergling x4  
  28  2:45  Zergling x6  
  30  2:59  Zergling x2  
  30  3:00  Zergling x2  
  32  3:08  Zergling x4  
  34  3:18  Zergling x4  
  35  3:28  Overlord  
  35  3:34  Baneling x4  
  35  3:35  Baneling x4  
  35  3:42  Roach Warren  
  35  3:48  Zergling x6  
  37  4:01  Drone x3  
  37  4:02  Drone  
  37  4:07  Drone  
  32  4:22  Roach x3  
  36  4:35  Roach x3  
  39  4:45  Ravager  
  39  4:50  Drone x4  
  43  4:55  Overlord  
  43  5:08  Overlord  
  43  5:12  Overlord  
  43  5:15  Roach  
  43  5:16  Roach x2  
  49  5:26  Drone x2  
  49  5:27  Drone x3  
  54  5:30  Ravager  
  55  5:37  Drone  
  55  5:38  Drone x2  
  55  5:39  Drone  
  59  5:42  Overlord  
  59  5:46  Drone  
  60  5:51  Drone  
  60  5:54  Drone  
  62  6:02  Roach x2  
  66  6:10  Extractor  
  62  6:17  Drone x3, Ravager  
  62  6:18  Drone x4  
  70  6:33  Hatchery, Drone x3  
  70  6:38  Extractor  
  71  6:40  Drone x2, Queen, Extractor  
  71  6:46  Ravager  
  75  6:48  Drone  
  76  7:00  Overlord x3  
  76  7:03  Hatchery  
  76  7:06  Overlord x2  
  75  7:09  Ravager  
  75  7:13  Hatchery  
  75  7:21  Roach  
  75  7:22  Roach x5  
  87  7:27  Ravager  
  88  7:31  Evolution Chamber, Drone  
  88  7:32  Evolution Chamber, Drone  
  88  7:33  Drone  
  89  7:47  Drone x2  
  89  7:49  Overlord  
  91  7:51  Lair  
  91  7:52  Roach x2  
  95  8:07  Drone x3  
  95  8:12  Roach  
  100  8:24  Extractor x2  
  100  8:25  Drone  
  100  8:26  Drone x4  
  103  8:28  Ravager x3  
  103  8:29  Ravager  
Show
View Real Time Build Order
Export as new Build Order

Kelazhur Terran - Winner!

Build Orders: MMM Bio 

Get SALT Encoding   

  12  0:01  SCV  
  13  0:13  SCV  
  14  0:17  Supply Depot  
  14  0:25  SCV  
  15  0:38  SCV  
  15  0:39  Barracks  
  16  0:44  Refinery  
  16  0:50  SCV  
  17  1:00  Barracks  
  17  1:04  SCV  
  18  1:16  SCV  
  19  1:23  Barracks  
  19  1:27  Reaper  
  19  1:31  Refinery  
  20  1:43  Orbital Command  
  20  1:50  Reaper  
  21  2:00  Reaper  
  22  2:03  Supply Depot  
  22  2:14  Reaper  
  23  2:25  Reaper  
  23  2:26  SCV  
  25  2:32  Reaper  
  25  2:34  Supply Depot  
  26  2:38  SCV  
  27  2:47  Reaper  
  28  2:57  SCV  
  28  2:58  Reaper  
  30  3:08  Reaper  
  30  3:09  SCV  
  31  3:19  Reaper  
  32  3:20  Supply Depot  
  32  3:21  SCV  
  33  3:29  Command Center  
  33  3:30  Reaper  
  33  3:33  SCV  
  35  3:40  Reaper  
  36  3:45  Supply Depot, SCV  
  37  3:52  Reaper  
  37  4:02  Reaper  
  37  4:10  SCV  
  37  4:12  Reaper  
  39  4:19  Barracks  
  39  4:20  Barracks  
  39  4:24  Reaper  
  40  4:26  SCV  
  41  4:34  Reaper  
  41  4:43  SCV  
  41  4:44  Reaper  
  41  4:51  Orbital Command  
  41  4:53  Command Center  
  41  4:57  SCV  
  43  5:06  Barracks Tech Lab  
  42  5:07  Factory  
  42  5:10  Barracks Tech Lab  
  42  5:13  SCV  
  43  5:17  Marine x2  
  43  5:18  Marine  
  43  5:19  SCV  
  47  5:25  SCV  
  47  5:28  Marine x2  
  50  5:29  Stimpack  
  50  5:31  SCV  
  50  5:35  Marine  
  51  5:37  SCV  
  51  5:40  Marine x2  
  55  5:43  SCV  
  55  5:45  Marine  
  55  5:46  Combat Shields  
  55  5:49  SCV  
  58  5:52  Refinery  
  58  5:53  Refinery  
  58  5:54  Supply Depot, Marine  
  58  5:55  SCV  
  60  6:00  Marine  
  60  6:01  SCV  
  60  6:03  Starport  
  62  6:04  Factory Reactor  
  62  6:08  SCV  
  63  6:13  SCV  
  63  6:14  Marine  
  63  6:15  Marine  
  63  6:20  SCV  
  63  6:21  Orbital Command  
  63  6:22  Marine  
  63  6:23  Marine  
  63  6:24  Marauder  
  68  6:26  SCV  
  68  6:31  Marine  
  68  6:32  SCV  
  70  6:36  Marine  
  70  6:38  SCV  
  72  6:40  Engineering Bay  
  72  6:41  Engineering Bay  
  72  6:44  SCV  
  73  6:48  Factory Tech Lab  
  73  6:50  Medivac x2  
  73  6:51  Marine  
  73  6:53  Marine  
  73  6:54  Orbital Command  
  80  6:55  SCV  
  80  6:59  SCV, Marine  
  81  7:04  Supply Depot  
  81  7:06  Marauder  
  81  7:07  Barracks Reactor  
  83  7:09  SCV, Marine  
  83  7:11  Marauder  
  83  7:12  SCV  
  88  7:18  Marine  
  88  7:19  SCV  
  90  7:25  SCV  
  90  7:27  Marine  
  90  7:28  Marauder  
  94  7:31  Supply Depot, Concussive Shells  
  94  7:33  Marauder  
  94  7:35  Medivac x2  
  94  7:36  Marine  
  101  7:41  Supply Depot  
  101  7:52  Marine  
  101  7:53  SCV x3, Siege Tank  
  101  7:57  Supply Depot, Marine  
  109  7:59  Refinery  
  109  8:00  Armory  
  109  8:03  Marine  
  109  8:04  Marine x3  
  109  8:05  Supply Depot, Medivac, SCV x2  
  117  8:18  SCV x2, Medivac, Marine x2  
  123  8:20  Supply Depot, Marine  
  123  8:23  Barracks  
  123  8:24  Barracks x2  
  123  8:26  SCV, Marauder  

Tags
 
Add a new tag
Caveats
  • Supply blocks, unpowered buildings, or Contaminate may cause inaccurate times.
  • Supply counts are checked every 10 seconds.